 Dungeon Crawl Stone Soup version 0.30.1-3-gfc49f6343a (webtiles) character file.

Game seed: 16536733300516222942

37 Descartes the Shield-Bearer (level 3, -6/29 HPs)
             Began as a Formicid Fighter on Aug 7, 2023.
             Killed from afar by Terence (18 damage)
             ... with a bolt of dispelling energy
             ... on level 2 of the Dungeon.
             The game lasted 00:01:40 (900 turns).

Descartes the Shield-Bearer (Formicid Fighter)       Turns: 900, Time: 00:01:40

Health: -6/29      AC: 11    Str: 22    XL:     3   Next: 62%
Magic:  3/3        EV:  6    Int:  7    God:
Gold:   47         SH:  5    Dex: 13    Spells: 2/2 levels left

rFire   . . .        a - +0 trident
rCold   . . .        c - +0 buckler
rNeg    . . .        l - +0 plate armour
rPois   .            (helmet unavailable)
rElec   .            (no cloak)
rCorr   .            (no gloves)
SInv    +            (no boots)
Will    .....        (no amulet) Stlth
                     (no ring)
HPRegen 0.24/turn    (no ring)
MPRegen 0.08/turn

%: no passive effects
@: no status effects
A: permanent stasis, dig shafts and tunnels, antennae 3, four strong arms
a: Dig, Shaft Self


You were on level 2 of the Dungeon.
You visited 1 branch of the dungeon, and saw 2 of its levels.

You collected 47 gold pieces.

Inventory:

Hand Weapons
 a - a +0 trident (weapon)
Armour
 b - a +0 scale mail
 c - a +0 buckler (worn)
 l - a +0 plate armour (worn)
Scrolls
 e - 2 scrolls of identify {unknown}
 f - a scroll of enchant armour {unknown}
 h - 3 scrolls of blinking {unknown}
 m - a scroll of poison {unknown}
 n - a scroll of teleportation {unknown}
Potions
 d - a potion of might
 g - 2 potions of cancellation {unknown}
 i - 2 potions of flight {unknown}
 j - a potion of curing {unknown}
 k - a potion of mutation {unknown}


   Skills:
 + Level 3.5 Fighting
 + Level 0.7(1.7) Axes
 + Level 2.3(2.4) Polearms
 + Level 3.5 Armour
 + Level 4.3 Shields
 + Level 0.6 Translocations
 + Level 0.7 Evocations


You had 2 spell levels left.
You didn't know any spells.
Your spell library was empty.

Dungeon Overview and Level Annotations

Branches:
Dungeon (2/15)

Altars:

Annotations:
D:2 Terence


Innate Abilities, Weirdness & Mutations

You cannot be hasted, slowed, berserked, paralysed or teleported.
You can dig through walls and to a lower floor.
You have a pair of large antennae on your head. (SInv)
Your four strong arms can wield two-handed weapons with a shield.


Message History

No target in view!
No target in view!
No target in view!
No target in view!
No target in view!
An endoplasm comes into view.
Found a stone staircase leading up.
The endoplasm quivers.
An endoplasm is nearby!
Terence the Incautious comes into view.
He is wielding a +2 flail of holy wrath and carrying a wand of quicksilver (10).
Terence shouts!
You reach to attack!
You barely miss the endoplasm.
Terence zaps a wand.
The bolt of dispelling energy hits you!!
Ouch! That really hurt!
You block the endoplasm's attack.
You are too injured to fight recklessly!
You are too injured to fight recklessly!
You are too injured to fight recklessly!
You are too injured to fight recklessly!
You are too injured to fight recklessly!
You are too injured to fight recklessly!
You are too injured to fight recklessly!
You are too injured to fight recklessly!
You are too injured to fight recklessly!
You are too injured to fight recklessly!
You are too injured to fight recklessly!
You are too injured to fight recklessly!
You are too injured to fight recklessly!
You are too injured to fight recklessly!
You are too injured to fight recklessly!
You are too injured to fight recklessly!
You are too injured to fight recklessly!
You are too injured to fight recklessly!
You are too injured to fight recklessly!
You are too injured to fight recklessly!
Unknown command.
Terence zaps a wand.
The bolt of dispelling energy hits you!!
Ouch! That really hurt!
You die...

#.#...............
#.#..............
#.#............# #
######.#............# .##
...)....##.##.......#....
######..##)##...........
#..##.##......$#.
#..##.##.#...J.#...
######..##.#.###@...@.<..
..............#.........#
.#####..###....#.#####..#
.# .#..# .###.#.## .# .#.
...... # ...## # .#..
#..##.### #... .##. #..##
... #..# .##.##...###.#
#..# .##.......##.###..#


You could see Terence and an endoplasm.

Vanquished Creatures
  A worm (D:2)
  2 dart slugs (D:1)
  3 endoplasms (D:1)
  A giant cockroach (D:1)
  4 goblins
  3 hobgoblins (D:1)
  3 quokkas (D:1)
  2 ball pythons
  4 bats (D:1)
  3 kobolds (D:1)
  2 rats (D:1)
28 creatures vanquished.

Notes
Turn   | Place    | Note
-------+----------+-------------------------------------------
     0 | D:1      | Descartes the Formicid Fighter began the quest for the Orb.
     0 | D:1      | Reached XP level 1. HP: 18/18 MP: 1/1
   246 | D:1      | Reached XP level 2. HP: 24/24 MP: 2/2
   617 | D:1      | Reached XP level 3. HP: 29/29 MP: 3/3
   897 | D:2      | Noticed Terence
   900 | D:2      | Killed from afar by Terence

Illustrated notes

Levels and vault maps discovered:
D:1:      dpeg_arrival_short_road, layout_loops_ring, grunt_decor_arrowhead
D:2:      layout_loops_ring, nicolae_ecumenical_snake_handling, uniq_terence

Action                     || total
---------------------------++-------
  Melee: Trident           ||    82
 Armour: Scale mail        ||    13
         Plate armour      ||    14
  Dodge: Dodged            ||    25
  Block: Buckler           ||    10
